 Dungeon Crawl Stone Soup version 0.28.0 (webtiles) character file.

Game seed: 2659314468611777902

296 Hasart the Insei (level 6, -3/39 HPs)
             Began as an Octopode Transmuter on Feb 19, 2022.
             Slain by a black bear (6 damage)
             ... on level 4 of the Dungeon.
             The game lasted 00:06:20 (4096 turns).

Hasart the Insei (Octopode Transmuter)              Turns: 4096, Time: 00:06:20

Health: -3/39      AC:  2    Str:  9    XL:     6   Next: 34%
Magic:  4/10       EV: 20    Int: 17    God:
Gold:   152        SH:  0    Dex: 18    Spells: 0/10 levels left

rFire   . . .      SeeInvis .     - Unarmed
rCold   . . .      Faith    .   (shield currently unavailable)
rNeg    . . .      Spirit   .   (helmet currently unavailable)
rPois   x          Reflect  .   (no amulet)
rElec   .          Harm     .   (no ring)
rCorr   .          Rampage  .   (no ring)
Will    .....                   (no ring)
Stlth   ++........              (no ring)
HPRegen 0.13/turn               (no ring)
MPRegen 0.12/turn               (no ring)
                                (no ring)
                                (no ring)

@: spider-form, very slightly contaminated
A: venomous fangs, almost no armour, (amphibious), 8 rings, tiny, (camouflage
1), (gelatinous body 1), (nimble swimmer 1), (tentacles)
a: End Transformation


You were on level 4 of the Dungeon.
You were a venomous arachnid creature.
You visited 1 branch of the dungeon, and saw 4 of its levels.

You collected 152 gold pieces.

Inventory:

Scrolls
 b - 2 scrolls of enchant armour {unknown}
 f - a scroll of amnesia {unknown}
 g - a scroll of holy word {unknown}
 h - 3 scrolls of blinking {unknown}
 i - a scroll of identify {unknown}
Potions
 a - a potion of invisibility {unknown}
 c - a potion of flight {unknown}
 d - a potion of curing {unknown}
 e - a potion of degeneration {unknown}


   Skills:
 + Level 2.2 Fighting
 + Level 3.0 Dodging
 * Level 4.5 Unarmed Combat
 + Level 2.7 Spellcasting
 + Level 2.9 Transmutations
 * Level 0.7 Ice Magic
 + Level 2.5 Poison Magic


You couldn't memorise any spells.
You knew the following spells:

 Your Spells              Type           Power      Damage    Failure   Level
a - Beastly Appendage     Tmut           24%        N/A       16%         1
b - Wereblood             Tmut           12%        N/A       22%         2
c - Spider Form           Tmut/Pois      11%        N/A       38%         3
d - Ice Form              Ice/Tmut       8%         N/A       82%         4

Your spell library contained the following spells:

 Spells                   Type           Power      Damage    Failure   Level
 Shock                    Conj/Air       8%         1d3       38%         1
 Ignite Poison            Fire/Tmut/Pois 8%         N/A       47%         3
 Conjure Flame            Conj/Fire      2%         6-21      69%         3
 Swiftness                Air            2%         N/A       69%         3
 Airstrike                Air            1%         N/A       96%         4
 Passage of Golubria      Tloc           2%         N/A       96%         4
 Sticky Flame             Conj/Fire      2%         2d3       96%         4
 Silence                  Hex/Air        1%         N/A       100%        5
 Lehudib's Crystal Spear  Conj/Erth      1%         10d2      100%        8


Dungeon Overview and Level Annotations

Branches:
Dungeon (4/15)
 Temple: D:4-7

Altars:
Ashenzari


Innate Abilities, Weirdness & Mutations

You are a venomous arachnid creature.
You have poisonous fangs.
You are tiny and dextrous.
Your spellcasting is less reliable in this form.
Your armour is entirely melded.
You are incapable of wielding weapons or throwing items.
You cannot wear most types of armour.
((You are amphibious.))
You can wear up to eight rings at the same time.
((Your skin changes colour to match your surroundings (Stealth+).))
((Your rubbery body absorbs attacks. (AC +1, EV +1)))
((You are camouflaged when in or above water. (Stealth+)))
((You have tentacles for arms and can constrict up to eight enemies at once.))


Message History

You kill the ball python!
The black bear closely misses you. The black bear claws you. x2
You bludgeon the black bear! Your grab misses the black bear.
The black bear is moderately wounded.
The black bear completely misses you. The black bear misses you.
The black bear barely misses you.
Casting: Spider Form (quite dangerous; 19% risk of failure)
Confirm with . or Enter, or press ? or * to list all spells.
The spell is quite dangerous to miscast (19% risk of failure)!
Continue anyway?
You miscast Spider Form.
You are very lightly contaminated with residual magic.
Nothing appears to happen.
The black bear closely misses you. The black bear claws you.
The black bear completely misses you.
Casting: Spider Form (quite dangerous; 19% risk of failure)
Confirm with . or Enter, or press ? or * to list all spells.
The spell is quite dangerous to miscast (19% risk of failure)!
Continue anyway?
You turn into a venomous arachnid creature.
The black bear closely misses you. The black bear claws you. x2
You hit the black bear.
The black bear is poisoned.
The black bear is heavily wounded.
The black bear closely misses you.
The black bear claws you but does no damage.
The black bear claws you.
You hit the black bear.
The black bear is heavily wounded.
The black bear completely misses you. The black bear closely misses you.
The black bear claws you.
You hit the black bear.
The black bear looks as sick as possible!
The black bear is severely wounded.
The black bear goes berserk!
The black bear bites you.
* * * LOW HITPOINT WARNING * * *
The black bear claws you.
* * * LOW HITPOINT WARNING * * *
The black bear completely misses you.
You completely miss the black bear.
The black bear is almost dead.
The black bear bites you.
You die...

#.##.###.# #..#######.
#........###.)........
##.........##..###.###
#.#.#####.###.# #.#.#
#.# #.#.# #.# #.#.#
#.# #...# #.# #h#
#...#####.###s#
#......#......# #
#.)###.#.###..###.#
#..###.#.#........#
#..##.[..#.###......
#.....#....#.....###
##.##......#.###.#
#.###.##....# ... #.#
#.##....# #.#


You could see a black bear (berserk, very poisoned).

Vanquished Creatures
  3 orc priests
  Jessica (D:2)
  5 adders (D:3)
  5 worms (D:2)
  3 dart slugs (D:1)
  8 orcs
  5 ball pythons
  6 endoplasms
  2 giant cockroaches (D:2)
  10 goblins
  7 hobgoblins
  4 jackals (D:2)
  5 quokkas
  9 bats
  6 frilled lizards
  10 kobolds
  21 rats
110 creatures vanquished.

Notes
Turn   | Place    | Note
-------+----------+-------------------------------------------
     0 | D:1      | Hasart the Octopode Transmuter began the quest for the Orb.
     0 | D:1      | Reached XP level 1. HP: 13/13 MP: 3/3
   408 | D:1      | Reached XP level 2. HP: 18/18 MP: 5/5
   818 | D:1      | Reached XP level 3. HP: 17/23 MP: 6/6
  1260 | D:1      | Learned a level 2 spell: Wereblood
  1264 | D:1      | Learned a level 3 spell: Spider Form
  1370 | D:2      | Noticed Jessica
  1392 | D:2      | Killed Jessica
  1393 | D:2      | Reached XP level 4. HP: 16/28 MP: 5/7
  1601 | D:2      | Reached skill level 1 in Poison Magic
  2004 | D:2      | Found a faded altar of an unknown god.
  2023 | D:2      | Reached skill level 4 in Unarmed Combat
  2023 | D:2      | Reached XP level 5. HP: 34/34 MP: 4/8
  2623 | D:3      | Found a broken altar of Ashenzari.
  3330 | D:3      | Reached XP level 6. HP: 35/39 MP: 9/9
  3385 | D:3      | Learned a level 4 spell: Ice Form
  4079 | D:4      | Noticed a black bear
  4096 | D:4      | Slain by a black bear

Illustrated notes

Levels and vault maps discovered:
D:1:      sevenhm_arrival_forest_fort_large_2, layout_basic
D:2:      layout_loops_ring, ebering_ecumenical_altar_mist, minivault_19,
          minmay_rat_hole, uniq_jessica
D:3:      minmay_skewed_foursquare, layout_basic, amcnicky_altar_gilded,
          chequers_serial_rivers_room_a, kennysheep_generic_room_8
D:4:      layout_loops_ring, hangedman_abyss_or_decor_stabs

Skill      XL: |  1  2  3  4  5  6 |
---------------+-------------------+-----
Poison Magic   | 1 2 |  2.5
Unarmed Combat | 4 |  4.5
Fighting       | 2 |  2.2
Dodging        | 3 |  3.0
Spellcasting   | |  2.7
Transmutations | |  2.9
Ice Magic      | |  0.7

Action                   |  1- 3 |  4- 6 || total
-------------------------+-------+-------++-------
Melee: Unarmed           |    51 |   181 ||   232
       Constrict         |    15 |    45 ||    60
       Tentacles         |    10 |    37 ||    47
       Punch             |     1 |     7 ||     8
       Kick              |     5 |     1 ||     6
 Cast: Beastly Appendage |     2 |     1 ||     3
       Wereblood         |     1 |     2 ||     3
       Spider Form       |       |     2 ||     2
 Stab: Sleeping          |     5 |    13 ||    18
Armor: Skin              |     4 |     8 ||    12
Dodge: Dodged            |    29 |    73 ||   102
